 Dungeon Crawl Stone Soup version 0.28-a0-1038-g9c4cb8273d (webtiles) character file.

Game seed: 18064370741526799364

26 ytrimaz the Shield-Bearer (level 3, -6/29 HPs)
             Began as a Formicid Fighter on Dec 8, 2021.
             Mangled by Sigmund (8 damage)
             ... on level 2 of the Dungeon.
             The game lasted 00:00:44 (1034 turns).

ytrimaz the Shield-Bearer (Formicid Fighter)        Turns: 1034, Time: 00:00:45

Health: -6/29      AC:  6    Str: 22    XL:     3   Next: 22%
Magic:  3/3        EV:  9    Int:  7    God:
Gold:   42         SH:  4    Dex: 10    Spells: 2/2 levels left

rFire   + . .      SeeInvis +   a - +0 war axe
rCold   . . .      Faith    .   c - +0 buckler
rNeg    . . .      Spirit   .   b - +0 scale mail
rPois   .          Reflect  .   (helmet unavailable)
rElec   .          Harm     .   (no cloak)
rCorr   .          Rampage  .   (no gloves)
Will    .....                   (no boots)
Stlth   ..........              (no amulet)
HPRegen 0.09/turn               f - ring of protection from fire
MPRegen 0.08/turn               (no ring)

@: mighty
A: permanent stasis, dig shafts and tunnels, antennae 3, four strong arms
a: Dig, Shaft Self


You were on level 2 of the Dungeon.
You visited 1 branch of the dungeon, and saw 2 of its levels.

You collected 42 gold pieces.

Inventory:

Hand Weapons
 a - a +0 war axe (weapon)
Armour
 b - a +0 scale mail (worn)
 c - a +0 buckler (worn)
Jewellery
 f - a ring of protection from fire (left hand)
Scrolls
 i - a scroll of fear {unknown}
Potions
 e - a potion of mutation {unknown}
 g - a potion of lignification {unknown}
 h - 2 potions of heal wounds {unknown}


   Skills:
 + Level 3.5 Fighting
 * Level 2.9 Axes
 + Level 3.5 Armour
 + Level 3.8 Shields


You had 2 spell levels left.
You didn't know any spells.
Your spell library contained the following spells:

 Spells                   Type           Power      Damage    Failure   Level
 Iskenderun's Battlesphe  Conj           0%         2d6       100%        5
 Iron Shot                Conj/Erth      0%         9d1       100%        6
 Spellforged Servitor     Conj/Summ      0%         N/A       100%        7


Dungeon Overview and Level Annotations

Branches:
Dungeon (2/15)

Altars:

Annotations:
D:2 Sigmund


Innate Abilities, Weirdness & Mutations

You cannot be hasted, slowed, berserked, paralysed or teleported.
You can dig through walls and to a lower floor.
You have a pair of large antennae on your head. (SInv)
Your four strong arms can wield two-handed weapons with a shield.


Message History

You hit the ball python.
You kill the ball python!
The dart slug launches a dart at you. The slug dart hits you.
You hit the dart slug.
The dart slug is almost dead.
The dart slug closely misses you.
There is a stone staircase leading up, spattered with blood here.
You slash the dart slug!
You kill the dart slug!
There is a stone staircase leading up, spattered with blood here.
HP restored.
Found a stone staircase leading down.
You now have 42 gold pieces (gained 9).
i - a scroll labelled SOLAFYA KESIB You sense a monster nearby.
Sigmund the Dreaded comes into view.
He is wielding a +0 scythe.
Sigmund mumbles some strange words.
Sigmund flickers and vanishes for a moment.
Sigmund is nearby!
Sigmund is nearby!
You feel very mighty all of a sudden.
Sigmund points at you and mumbles some strange words.
The magic dart hits you. Sigmund hits you but does no damage.
Unknown command.
You hit Sigmund.
Sigmund is lightly wounded.
Sigmund hits you with a +0 scythe!
You closely miss Sigmund.
Sigmund is lightly wounded.
Sigmund hits you with a +0 scythe.
You barely miss Sigmund.
Sigmund is lightly wounded.
Sigmund hits you with a +0 scythe!
* * * LOW HITPOINT WARNING * * *
You closely miss Sigmund.
Sigmund is lightly wounded.
Sigmund hits you with a +0 scythe!
You die...

... ... # ... { #.
#.# #.####.#
#......# #....@.#
#.....@# ##..##.#
##. #.# #. #.#
#.##.# #..#.#####
####.#.....#
########..........#
#...<....##.......#


You could see Sigmund (invisible).

Vanquished Creatures
  A dart slug (D:2)
  A bat (D:1)
  4 endoplasms (D:1)
  A giant cockroach (D:1)
  2 hobgoblins (D:1)
  2 jackals (D:1)
  A quokka (D:1)
  5 ball pythons
  2 kobolds (D:1)
  A rat (D:1)
20 creatures vanquished.

Notes
Turn   | Place    | Note
-------+----------+-------------------------------------------
     0 | D:1      | ytrimaz the Formicid Fighter began the quest for the Orb.
     0 | D:1      | Reached XP level 1. HP: 18/18 MP: 1/1
   238 | D:1      | Reached XP level 2. HP: 17/24 MP: 2/2
   327 | D:1      | Found a faded altar of an unknown god.
   873 | D:1      | Reached XP level 3. HP: 24/29 MP: 3/3
  1024 | D:2      | Noticed Sigmund
  1034 | D:2      | Mangled by Sigmund

Illustrated notes

Levels and vault maps discovered:
D:1:      minmay_arrival_four_houses, layout_loops_ring,
          ebering_ecumenical_altar_mist
D:2:      layout_basic, uniq_sigmund, uniq_crazy_yiuf_cottage

Action                   || total
-------------------------++-------
Melee: War axe           ||    58
  Use: Potion            ||     2
Armor: Scale mail        ||    24
Dodge: Dodged            ||    31
Block: Buckler           ||    10

Table legend: (Time is in decaauts)
 A = Elapsed time spent in this place.
 B = Non-inter-level travel time spent in this place.
 C = Inter-level travel time spent in this place.
 D = Time resting spent in this place.
 E = Time spent auto-exploring this place.
 F = Levels seen in this place.
 G = Mean time per level.
                   A        B        C        D        E       F      G
               +--------+--------+--------+--------+--------+-----+--------+
         Total |   1054 |   1032 |     22 |      0 |    858 |   2 |  527.0 |
       Dungeon |   1054 |   1032 |     22 |      0 |    858 |   2 |  527.0 |
               +--------+--------+--------+--------+--------+-----+--------+

Top non-repeatable levels by time:
     D:1: 999 daAuts
     D:2: 54 daAuts
